 Dungeon Crawl Stone Soup version 0.23.2-33-g5129a83184 (webtiles) character file.

Game seed: 6847302924014227970

133 psyvane the Digger (level 4, -2/24 HPs)
             Began as a Deep Elf Earth Elementalist on June 30, 2019.
             Slain by a centaur skeleton (8 damage)
             ... on level 3 of the Dungeon.
             The game lasted 00:13:45 (3197 turns).

psyvane the Digger (Deep Elf Earth Elementalist)    Turns: 3197, Time: 00:13:46

Health: -2/24      AC:  2    Str:  5    XL:     4   Next: 93%
Magic:  2/11       EV: 13    Int: 21    God:
Gold:   90         SH:  0    Dex: 15    Spells: 4/10 levels left

rFire    . . .     SeeInvis .   g - +1 short sword (distort)
rCold    . . .     Gourm    .   (no shield)
rNeg     . . .     Faith    .   c - +0 robe
rPois    .         Spirit   .   (no helmet)
rElec    .         Reflect  .   (no cloak)
rCorr    .         Harm     .   (no gloves)
MR       .....                  (no boots)
Stlth    ++........             (no amulet)
HPRegen  0.08/turn              (no ring)
MPRegen  0.12/turn              (no ring)

@: no status effects
A: no striking features
a: no special abilities


You were on level 3 of the Dungeon.
You were hungry.

You visited 1 branch of the dungeon, and saw 3 of its levels.

You collected 90 gold pieces.

Inventory:

Hand Weapons
 f - a +2 vampiric short sword
 g - a +1 short sword of distortion (weapon)
Missiles
 m - 48 stones (quivered)
Armour
 c - a +0 robe (worn)
Wands
 b - a wand of flame (10)
Scrolls
 l - a scroll of blinking {unknown}
 n - a scroll of remove curse
 o - a scroll of magic mapping {unknown}
Potions
 a - 2 potions of haste {unknown}
 e - 4 potions of mutation {unknown}
 h - a potion of flight {unknown}
 i - a potion of invisibility {unknown}
 j - 2 potions of curing
 k - 2 potions of magic {unknown}
Comestibles
 d - 8 rations
 p - 2 chunks of flesh


   Skills:
 - Level 2.7 Dodging
 * Level 3.1 Stealth
 - Level 3.9 Spellcasting
 - Level 1.1 Transmutations
 * Level 5.4 Earth Magic


You had 4 spell levels left.
You knew the following spells:

 Your Spells              Type           Power        Failure   Level  Hunger
a - Sandblast             Erth           ####..       1%          1    None
b - Passwall              Tmut/Erth      ###.....     4%          2    #......
c - Stone Arrow           Conj/Erth      ###...       12%         3    ###....

Your spell library contained the following spells:

 Spells                   Type           Power        Failure   Level  Hunger
 Petrify                  Tmut/Erth      ###.....     30%         4    ####...
 Lee's Rapid Deconstruct  Erth           ####......   34%         5    ######.


Dungeon Overview and Level Annotations

Branches:
Dungeon (3/15)

Altars:
Kikubaaqudgha


Message History

The centaur skeleton is heavily damaged.
The centaur skeleton hits you.
You puncture the centaur skeleton!
The centaur skeleton is severely damaged.
The centaur skeleton barely misses you. The jackal misses you.
The centaur skeleton closely misses you.
The jackal bites you.
You hit the centaur skeleton.
Space bends around the centaur skeleton.
The centaur skeleton is severely damaged.
The centaur skeleton hits you.
The jackal bites you but does no damage.
The jackal bites you but does no damage.
The centaur skeleton completely misses you.
The jackal closely misses you. The centaur skeleton hits you.
The jackal bites you.
* * * LOW HITPOINT WARNING * * *
The jackal misses you. The centaur skeleton hits you!
You die...

#........# #
#........########
#........'.......
###........########
#.'........'.รท.....
#.#........########
#.#######'##
###'#######'###
#...@h........#
#....Z........#######
#..>..........'......
#.............#######
#[............#
#.............#
#.............#
#.............#
#.............#######


You could see a jackal and a centaur skeleton.

Vanquished Creatures
  Terence (D:2)
  A gnoll (D:1)
  2 adders
  An ooze (D:3)
  2 dart slugs
  5 leopard geckos
  5 orcs (D:3)
  3 giant cockroaches (D:1)
  5 goblins
  3 hobgoblins
  4 jackals
  4 quokkas
  11 bats
  3 frilled lizards
  6 kobolds
  4 rats
60 creatures vanquished.

Notes
Turn   | Place    | Note
-------+----------+-------------------------------------------
     0 | D:1      | psyvane the Deep Elf Earth Elementalist began the quest for
                  | the Orb.
     0 | D:1      | Reached XP level 1. HP: 10/10 MP: 6/6
    58 | D:1      | Reached XP level 2. HP: 15/15 MP: 1/8
    62 | D:1      | Learned a level 2 spell: Passwall
   241 | D:1      | Reached skill level 4 in Earth Magic
   673 | D:2      | Reached XP level 3. HP: 19/19 MP: 6/9
   853 | D:2      | Learned a level 3 spell: Stone Arrow
  1007 | D:2      | Noticed Terence
  1011 | D:2      | Killed Terence
  1011 | D:2      | Reached XP level 4. HP: 24/24 MP: 0/11
  1300 | D:2      | Found an ancient bone altar of Kikubaaqudgha.
  1607 | D:3      | Reached skill level 5 in Earth Magic
  3197 | D:3      | Slain by a centaur skeleton

Skill      XL: |  1  2  3  4 |
---------------+-------------+-----
Earth Magic    | 4 5 |  5.4
Stealth        | 3 |  3.1
Dodging        | |  2.7
Spellcasting   | |  3.9
Transmutations | |  1.1

Action                   |  1- 3 |  4- 6 || total
-------------------------+-------+-------++-------
Melee: Unarmed           |    13 |       ||    13
       Short sword       |     2 |    28 ||    30
 Cast: Sandblast         |    33 |     2 ||    35
       Stone Arrow       |     4 |    35 ||    39
  Use: Scroll            |     4 |     1 ||     5
       Potion            |       |     2 ||     2
  Eat: Chunk             |       |     9 ||     9
Armor: Robe              |     4 |    12 ||    16
Dodge: Dodged            |    18 |    30 ||    48
